Map: Chain of Ascension

Players

FroGGe

  • Race: Zerg Zerg

larsgj

  • Race: Terran Terran

VOD

Have the link to the VOD?

Description

Time

  • Played on: May 10, 2020, 6:23 a.m.
  • Length: 24:15
Show
View Real Time Build Order
Export as new Build Order

FroGGe Zerg 

Build Orders:  

Get SALT Encoding   

    0:00  Drone x12, Hive, Overlord  
    0:09  Unknown  
  12  0:13  Drone  
  13  0:24  Drone  
  14  0:38  Overlord  
  14  1:09  Spawning Pool  
  13  1:20  Drone x2  
  13  1:21  Drone x2  
  17  1:40  Queen  
  17  1:42  Zergling x2  
  17  1:49  Drone  
  21  2:00  Extractor  
  21  2:07  Extractor, Drone  
  20  2:16  Drone  
  21  2:28  Overlord  
  21  2:42  Zergling x2  
  22  3:14  Zergling x4  
  24  3:23  Zergling x2  
  24  3:24  Zergling x6  
  28  3:31  Overlord  
  28  3:37  Metabolic Boost  
  28  4:07  Lair  
  28  4:22  Zergling x10  
  28  4:23  Zergling x2  
  30  4:54  Drone x4  
  34  5:07  Evolution Chamber  
  33  5:10  Queen  
  30  6:00  Zergling x4  
  30  6:01  Zergling x8  
  36  6:27  Zerg Missile Weapons Level 1  
  36  6:30  Hydralisk Den  
  35  6:47  Zergling x6  
  35  6:49  Overlord  
  38  6:50  Overlord  
  38  7:24  Hydralisk x3  
  38  7:25  Hydralisk  
  46  8:03  Muscular Augments  
  46  8:18  Evolution Chamber  
  45  8:20  Hive  
  45  8:24  Drone  
  46  8:31  Drone  
  46  8:37  Drone  
  48  8:42  Drone  
  49  9:07  Zerg Melee Weapons Level 1  
  49  9:27  Hydralisk x2  
  53  9:31  Overlord x3  
  43  11:06  Hydralisk x2  
  43  11:07  Hydralisk x4  
  55  11:47  Zerg Ground Armor Level 1  
  41  13:07  Zergling x6  
  41  13:08  Zergling x6  
  47  13:19  Adrenal Overload  
  47  13:25  Drone  
  46  14:27  Heroic Fortitude  
  46  14:53  Hydralisk  
  46  14:54  Hydralisk x4  
  46  14:55  Hydralisk  
  56  15:27  Zerg Missile Weapons Level 2  
  54  16:01  Drone  
  54  16:02  Drone  
  56  16:11  Queen  
  56  16:18  Hydralisk  
  56  16:19  Hydralisk x2  
  58  17:08  Zergling x6  
  58  17:09  Zergling x2  
  42  18:16  Hydralisk  
  42  18:17  Hydralisk x3  
  50  18:25  Drone  
  51  18:36  Zerg Melee Weapons Level 2  
  51  18:56  Hydralisk x2  
  55  19:38  Hydralisk x6  
  67  20:21  Overlord x2  
  67  20:26  Hydralisk  
  69  20:46  Queen  
  71  21:08  Hydralisk  
  71  21:09  Hydralisk  
  75  21:30  Hatchery  
  67  22:09  Hydralisk x3  
  71  22:10  Hydralisk x3  
  77  23:12  Hydralisk x4  
  77  23:13  Hydralisk x3  
Show
View Real Time Build Order
Export as new Build Order

larsgj Terran 

Build Orders:  

Get SALT Encoding   

    0:00  Orbital Command, SCV x12  
    0:09  Unknown  
  12  0:12  SCV  
  13  0:34  Supply Depot  
  13  0:36  SCV  
  14  0:54  Barracks  
  14  1:07  SCV  
  15  1:14  Refinery  
  15  1:21  Refinery  
  15  1:27  Marine  
  15  1:36  SCV  
  17  1:50  Engineering Bay  
  17  2:04  Marine  
  17  2:06  Supply Depot  
  18  2:20  SCV  
  19  2:37  SCV  
  20  2:45  Marine  
  21  2:54  SCV  
  22  3:00  Terran Infantry Weapons Level 1  
  22  3:11  SCV  
  23  3:28  SCV  
  24  3:36  Supply Depot  
  24  3:43  Marine  
  24  3:45  SCV  
  26  3:55  Marine  
  27  4:02  SCV  
  28  4:15  Barracks  
  28  4:19  SCV  
  29  4:39  Factory  
  29  4:41  Barracks Tech Lab  
  29  5:01  SCV  
  29  5:08  Marine  
  30  5:11  Barracks Tech Lab  
  30  5:17  SCV  
  30  5:18  Marine  
  32  5:28  Marine  
  33  5:33  Bunker  
  33  5:34  SCV  
  33  5:37  Marine  
  35  5:40  Terran Infantry Armor Level 1  
  35  5:53  Marine  
  35  5:54  Marine  
  36  6:04  Marine x2  
  36  6:06  Bunker  
  38  7:00  Unknown  
  38  7:30  Neosteel Frame  
  38  7:43  Bunker  
  38  7:47  Barracks  
  38  7:59  Concussive Shells  
  38  8:13  SCV, Armory  
  38  8:15  Bunker  
  39  8:46  Barracks Tech Lab  
  39  8:50  Stabilizer Medpacks  
  39  8:56  Orbital Command  
  39  9:20  Structure Armor  
  39  9:39  Supply Depot  
  39  9:40  Marine, Medic x2, Supply Depot  
  39  9:43  Supply Depot x2  
  44  9:50  Marine x3  
  47  10:00  Marine x2, Medic  
  51  10:10  Marine, Medic x2  
  56  10:20  Marine x2, Medic  
  59  11:16  Marine x3  
  62  11:24  Terran Infantry Armor Level 2  
  62  11:26  Marine x2  
  62  11:27  Marine  
  65  11:36  Marine  
  65  11:37  Marine x2  
  67  11:46  Marine  
  67  11:47  Marine x2  
  68  11:55  Supply Depot  
  68  11:56  Marine  
  68  11:57  Marine x2  
  68  11:58  Supply Depot  
  71  12:00  Supply Depot  
  71  12:01  Supply Depot  
  71  12:04  Supply Depot  
  73  12:13  Marauder x2  
  73  12:14  Marauder  
  79  12:57  Marauder  
  79  12:58  Marauder, Marine  
  81  13:08  Medic  
  81  13:09  Marine  
  84  13:10  Medic  
  84  13:13  SCV  
  84  13:18  Marine  
  90  13:25  Marine, Medic  
  94  13:30  SCV  
  95  13:46  Bunker  
  95  13:47  SCV, Marauder  
  98  14:04  SCV  
  99  14:34  Terran Infantry Weapons Level 2  
  96  15:12  Marine x2  
  96  15:13  Marine  
  99  15:22  Marine  
  99  15:23  Marine x2  
  102  15:34  Marine x3  
  101  15:44  Marine x2  
  101  15:45  Marine  
  104  15:54  Marine  
  104  15:55  Marine x2  
  107  16:05  Marine x3  
  110  16:15  Marine  
  111  16:25  Marine  
  110  16:43  Medic  
  110  16:49  Supply Depot  
  111  16:50  Marauder x2, Supply Depot  
  111  16:52  Supply Depot  
  111  16:53  Marauder  
  111  16:54  Supply Depot  
  117  17:02  Marine  
  118  17:12  Medic  
  120  17:43  Terran Infantry Armor Level 3  
  120  17:59  Supply Depot  
  120  18:00  Marine  
  120  18:01  Marine x2, Supply Depot  
  120  18:04  Supply Depot  
  120  18:07  Supply Depot  
  120  18:08  Supply Depot  
  123  18:26  Marine x2  
  123  18:27  Marine  
  126  18:36  Marine  
  126  18:37  Marine x2  
  129  18:51  Medic  
  129  18:53  Medic x2  
  135  19:02  Medic  
  116  21:03  Marine  
  116  21:04  Marauder, Medic  
  121  21:13  Marine  
  121  21:14  Marauder  
  121  21:16  Medic  
  121  21:17  Supply Depot  
  121  21:19  Supply Depot  
  126  21:21  Supply Depot  
  126  21:23  Marine  
  126  21:26  Medic  
  126  21:27  Marauder  
  131  21:34  Marine  
  131  21:37  Marauder  
  131  21:39  Medic  
  134  21:44  Marine  
  134  21:49  Medic  
  132  21:50  Marauder  
  137  21:54  Marine  
  141  22:00  Marauder  
  141  22:02  Medic  
  141  22:04  Marine  
  146  22:12  Marauder, Medic  
  146  22:14  Marine  
  151  22:23  Marauder  
  151  22:24  Medic  
  153  22:46  Marine, Medic, Marauder  
  158  22:56  Marine  
  158  22:57  Marauder  
  158  22:58  Medic  
  161  23:06  Marine  
  161  23:09  Marauder, Medic  
  164  23:16  Marine  
Tags
 
Add a new tag
Caveats
  • Supply blocks, unpowered buildings, or Contaminate may cause inaccurate times.
  • Supply counts are checked every 10 seconds.